 Dungeon Crawl Stone Soup version 0.29.1-15-g9cfb28693d (webtiles) character file.

Game seed: 7476338117269668802

25 112233 the Magician (level 2, 0/15 HPs)
             Began as a Deep Elf Summoner on Feb 22, 2023.
             Succumbed to a kobold's poison
             ... on level 2 of the Dungeon.
             The game lasted 00:02:26 (2032 turns).

112233 the Magician (Deep Elf Summoner)             Turns: 2032, Time: 00:02:26

Health: 0/15       AC:  3    Str:  5    XL:     2   Next: 82%
Magic:  12/18      EV: 12    Int: 19    God:
Gold:   74         SH:  0    Dex: 15    Spells: 7/10 levels left

rFire   . . .      SeeInvis .   d - +0 club
rCold   + . .      Faith    .   (no shield)
rNeg    . . .      Spirit   .   a - +0 robe
rPois   .          Reflect  .   (no helmet)
rElec   .          Harm     .   (no cloak)
rCorr   .          Rampage  .   h - +0 pair of gloves
Will    .....                   (no boots)
Stlth   ++........              (no amulet)
HPRegen 0.05/turn               j - ring of magical power
MPRegen 0.16/turn               c - ring of protection from cold

@: lethally poisoned (0 -> -3), about to teleport
A: no striking features
a: no special abilities


You were on level 2 of the Dungeon.
You visited 1 branch of the dungeon, and saw 2 of its levels.

You collected 74 gold pieces.

Inventory:

Hand Weapons
 d - a +0 club (weapon)
Armour
 a - a +0 robe (worn)
 h - a +0 pair of gloves (worn)
Jewellery
 c - a ring of protection from cold (right hand)
 j - a ring of magical power (left hand)
Scrolls
 e - 3 scrolls of identify {unknown}
 g - a scroll of blinking {unknown}
 i - a scroll of vulnerability {unknown}
Potions
 b - a potion of magic


   Skills:
 - Level 2.4 Dodging
 - Level 2.4 Stealth
 + Level 4.8 Spellcasting
 - Level 4.3 Summonings


You had 7 spell levels left.
You knew the following spells:

 Your Spells              Type           Power      Damage    Failure   Level
a - Summon Small Mammal   Summ           84%        N/A       1%          1
b - Call Imp              Summ           21%        N/A       3%          2

Your spell library contained the following spells:

 Spells                   Type           Power      Damage    Failure   Level
 Call Canine Familiar     Summ           21%        N/A       6%          3
 Summon Guardian Golem    Hex/Summ       12%        N/A       16%         3
 Portal Projectile        Hex/Tloc       8%         N/A       36%         3
 Tukima's Dance           Hex            4%         N/A       36%         3
 Summon Lightning Spire   Summ/Air       12%        N/A       45%         4
 Blade Hands              Tmut           2%         N/A       98%         5


Dungeon Overview and Level Annotations

Branches:
Dungeon (2/15)

Altars:


Message History

The poisoned dart hits your rat!
Your rat is poisoned.
Unknown command.
You swap places.
You feel sick.
The kobold throws a poisoned dart.
The poisoned dart closely misses your iron imp.
The poisoned dart hits your rat!
Your rat looks as sick as possible!
Casting: Summon Small Mammal (safe; 1% risk of failure)
Confirm with . or Enter, or press ? or * to list all spells.
You feel sick.
Your rat dies!
Your rat's corpse disappears in a puff of smoke!
Your iron imp misses the kobold.
The kobold hits your iron imp but does no damage.
You feel sick.
Your iron imp hits the kobold but does no damage.
Your magical contamination has completely faded away.
You feel sick.
The kobold throws a poisoned dart.
The poisoned dart closely misses you.
You feel sick.
The kobold throws a poisoned dart.
The poisoned dart hits you!
You are lethally poisoned!
Okay, then.
You feel sick.
Your quokka bites the kobold but does no damage.
Your iron imp hits the kobold but does no damage.
The kobold throws a poisoned dart.
The poisoned dart barely misses you.
Unknown command.
* * * LOW HITPOINT WARNING * * *
You feel sick.
Your quokka barely misses the kobold.
Your iron imp closely misses the kobold.
The kobold throws a poisoned dart.
The poisoned dart barely misses you.
Your quokka barely misses the kobold.
* * * LOW HITPOINT WARNING * * *
You feel sick.
* * * LOW HITPOINT WARNING * * *
You feel sick.
Okay, then.
As you read the scroll of teleportation, it crumbles to dust.
You feel strangely unstable.
You die...

....#..... .. .#........
#.. ..>.##..## ##..
........######...
.#.###.....##..# ...#
#.#)....###
.<.###..#...)...#
....#..###...##.########
....#.###r.#..#.@.......
....†...5K....###.......
...#....................
..............###>......
....#.........# #######
..............#
.)....###....## ..#.###
###...# .##.# #..#


There were no monsters in sight!

Vanquished Creatures
  A giant cockroach (D:1)
1 creature vanquished.

Vanquished Creatures (collateral kills)
  An adder (D:1)
  An endoplasm (D:1)
  2 goblins (D:1)
  2 quokkas (D:1)
  6 ball pythons
  2 frilled lizards (D:1)
  2 rats (D:1)
16 creatures vanquished.

Vanquished Creatures (others)
  2 plants (D:1)
2 creatures vanquished.

Grand Total: 19 creatures vanquished

Notes
Turn   | Place    | Note
-------+----------+-------------------------------------------
     0 | D:1      | 112233 the Deep Elf Summoner began the quest for the Orb.
     0 | D:1      | Reached XP level 1. HP: 10/10 MP: 6/6
   481 | D:1      | Reached XP level 2. HP: 15/15 MP: 7/9
   484 | D:1      | Learned a level 2 spell: Call Imp
   847 | D:1      | Found a faded altar of an unknown god.
  2032 | D:2      | Succumbed to a kobold's poison

Illustrated notes

Levels and vault maps discovered:
D:1:      amcnicky_arrival_blooded_trapdoor, layout_loops_cross,
          shapermc_ecumenical_altar_gd, minmay_hedge_maze, minmay_heptomino_o4
D:2:      layout_rooms, serial_shops, nicolae_shop_overgrown_old_shop,
          kennysheep_generic_room_8, uniq_robin

Skill      XL: |  1 |
---------------+----+-----
Spellcasting   | 4 |  4.8
Dodging        | |  2.4
Stealth        | |  2.4
Summonings     | |  4.3

Action                   || total
-------------------------++-------
Melee: Club              ||     4
       Unarmed           ||     1
 Cast: Summon Small Mamm ||    37
       Call Imp          ||     9
  Use: Scroll            ||     2
Armor: Robe              ||    11
Dodge: Dodged            ||    40
